details: 'mata beats extremely handicapped tim'

« prev index next »

General information

Mini Map

Players

team 1
NightElfmata (green | 159 APM | 3115 actions | 19:35)
Hero icon 4 Demon Hunter
Ability icon 2 Mana Burn
Ability icon 2 Evasion
Hero icon 3 Keeper of the Grove
Ability icon 2 Entangling Roots
Ability icon 1 Thorns Aura

» actions
Assign group hotkey134
Basic commands49
Build / train83
ESC pressed5
Enter build submenu18
Enter hero's abilities submenu7
Give item / drop item1
Remove unit from queue4
Right click1569
Select / deselect821
Select group hotkey274
Use ability150
3115 total
» units
Wisp21
Archer5
Dryad8
Druid of the Claw15
49 total
» upgrades
Strength of the Wild2
Druid of the Claw Training2
Abolish Magic1
Mark of the Claw1
6 total
» buildings
Altar of Elders1
Moon Well6
Ancient of War1
Tree of Ages2
Hunter's Hall1
Ancient of Lore3
Tree of Eternity1
Ancient of Wonders1
Tree of Life1
17 total
» build order
00:02 Altar of Elders
00:17 Moon Well
00:54 Ancient of War
01:34 Moon Well
03:07 Tree of Ages
03:07 Tree of Ages
03:11 Hunter's Hall
03:34 Moon Well
05:33 Ancient of Lore
05:34 Ancient of Lore
05:57 Moon Well
06:27 Tree of Eternity
06:40 Ancient of Wonders
09:15 Tree of Life
12:00 Moon Well
13:06 Moon Well
15:30 Ancient of Lore
» items
Staff of Preservation2
Orb of Venom1
Scroll of Town Portal1
Potion of Healing1
5 total
team 2
Random» HumanNADMaN (red | 174 APM | 3406 actions | 19:35)
Hero icon 4 Archmage
Ability icon 2 Summon Water Elemental
Ability icon 2 Brilliance Aura
Hero icon 3 Mountain King
Ability icon 2 Storm Bolt
Ability icon 1 Bash

» actions
Assign group hotkey49
Basic commands201
Build / train76
ESC pressed7
Enter build submenu18
Enter hero's abilities submenu7
Give item / drop item1
Right click1490
Select / deselect447
Select group hotkey1030
Use ability80
3406 total
» units
Peasant15
Footman8
Spell Breaker8
Priest4
Rifleman7
42 total
» upgrades
Defend2
Gunpowder2
Long Rifles1
Priest Training1
6 total
» buildings
Altar of Kings1
Farm7
Barracks1
Scout Tower2
Arcane Tower2
Lumber Mill1
Arcane Vault1
Guard Tower5
Keep3
Arcane Sanctum2
Blacksmith1
Town Hall1
27 total
» build order
00:08 Altar of Kings
00:13 Farm
00:18 Barracks
00:57 Scout Tower
01:40 Farm
01:54 Arcane Tower
01:55 Arcane Tower
01:59 Lumber Mill
02:27 Farm
02:41 Scout Tower
02:55 Arcane Vault
03:32 Farm
03:35 Guard Tower
03:35 Guard Tower
03:59 Keep
03:59 Keep
04:00 Keep
05:45 Farm
06:36 Arcane Sanctum
06:37 Arcane Sanctum
07:46 Blacksmith
09:13 Farm
09:15 Farm
09:52 Guard Tower
09:52 Guard Tower
09:52 Guard Tower
15:56 Town Hall
» items
Scroll of Regeneration2
Lesser Clarity Potion1
Potion of Healing1
Ivory Tower2
Scroll of Healing1
Potion of Lesser Invulnerability1
Scroll of Town Portal1
9 total